 Dungeon Crawl Stone Soup version 0.26-b1-32-g5d43845 (webtiles) character file.

Game seed: 2853733996801729221

191 Zock the Shield-Bearer (level 5, 0/33 HPs)
             Began as a Gargoyle Fighter on Jan 13, 2021.
             Slain by an ogre
             ... wielding a +0 giant club
              (23 damage)
             ... on level 4 of the Dungeon.
             The game lasted 00:07:19 (3474 turns).

Zock the Shield-Bearer (Gargoyle Fighter)           Turns: 3474, Time: 00:07:19

Health: 0/33       AC: 12    Str: 20    XL:     5   Next: 70%
Magic:  5/5        EV:  7    Int:  9    God:
Gold:   163        SH:  9    Dex:  9    Spells: 4/4 levels left

rFire    . . .     SeeInvis .   a - +0 flail
rCold    . . .     Faith    .   c - +0 kite shield
rNeg     + . .     Spirit   .   b - +0 scale mail
rPois    ∞         Reflect  .   s - +0 helmet
rElec    +         Harm     .   (no cloak)
rCorr    .         Rampage  .   (no gloves)
Will     .....                  (no boots)
Stlth    ..........             (no amulet)
HPRegen  0.11/turn              (no ring)
MPRegen  0.09/turn              (no ring)

@: no status effects
A: negative energy resistance 1, electricity resistance, unbreathing,
petrification resistance, miasma immunity, AC +4
a: no special abilities


You were on level 4 of the Dungeon.
You visited 1 branch of the dungeon, and saw 4 of its levels.

You collected 163 gold pieces.

Inventory:

Hand Weapons
 a - a +0 flail (weapon)
 d - a +2 hunting sling of freezing
 q - a +0 trident
Missiles
 f - 88 stones
 h - 55 arrows
 k - 43 sling bullets
 u - 4 javelins (quivered)
 w - 22 bolts
Armour
 b - a +0 scale mail (worn)
 c - a +0 kite shield (worn)
 s - a +0 helmet (worn)
Scrolls
 g - 3 scrolls of remove curse {unknown}
 i - 6 scrolls of identify {unknown}
 n - 2 scrolls of enchant armour {unknown}
 p - 2 scrolls of fog {unknown}
 r - a scroll of random uselessness {unknown}
 t - 2 scrolls of amnesia {unknown}
 y - a scroll of enchant weapon {unknown}
 A - a scroll of teleportation {unknown}
Potions
 e - 3 potions of invisibility
 j - a potion of degeneration {unknown}
 l - 2 potions of haste {unknown}
 m - a potion of attraction {unknown}
 o - 2 potions of heal wounds {unknown}
 v - a potion of cancellation {unknown}
 x - 2 potions of might
 z - a potion of brilliance {unknown}


   Skills:
 + Level 3.8 Fighting
 + Level 3.7 Maces & Flails
 * Level 1.0 Polearms
 + Level 3.8 Armour
 + Level 0.9 Dodging
 + Level 4.3 Shields


You had 4 spell levels left.
You didn't know any spells.
Your spell library was empty.

Dungeon Overview and Level Annotations

Branches:
Dungeon (4/15)
 Temple: D:4-7

Altars:


Innate Abilities, Weirdness & Mutations

You are resistant to torment.
Your stone body is resilient. (AC +4)
You are immune to poison.
You resist negative energy. (rN+)
You are resistant to electric shocks. (rElec)
You can survive without breathing.
You are immune to petrification.
You are immune to miasma.


Message History

Press: ? - help, Q - select action, (/) - cycle Shift-Dir - straight line, f - ogre
Aim: an ogre, wielding a +0 giant club You throw a javelin.
The javelin barely misses the ogre.
Throw: 5 javelins
Press: ? - help, Q - select action, (/) - cycle Shift-Dir - straight line, f/p - ogre
Aim: an ogre, wielding a +0 giant club You throw a javelin.
The javelin pierces through the ogre.
The ogre is lightly wounded.
An orc comes into view. It is wielding a +0 flail.
Your shield prevents you from hitting the ogre.
The ogre is lightly wounded.
The ogre hits you with a +0 giant club!
You hit the ogre.
The ogre is moderately wounded.
You block the ogre's attack.
You sock the ogre!
The ogre is severely wounded.
The ogre hits you with a +0 giant club!!
Ouch! That really hurt!
You die...

.... ... . ..#
##.#######.#
#........<..#
#.##.###....# #
#........†..#####.#..##
#..............@O!o...(
.#..............###.....
[.^.........###.# ...
#.#.)...#....#.# .
#.......#.##.#.#
#..#....#.##.#.# #.
#....#.....<#
#.........#.#
#.........#.#


You could see an ogre and an orc.

Vanquished Creatures
  A scorpion (D:4)
  Robin (D:2)
  4 adders
  An ufetubus (D:3)
  2 worms (D:2)
  A dart slug (D:2)
  3 leopard geckos
  An orc (D:3)
  3 ball pythons
  13 bats
  3 giant cockroaches
  13 goblins
  9 hobgoblins
  6 frilled lizards
  11 kobolds
  15 rats
87 creatures vanquished.

Vanquished Creatures (others)
  7 toadstools (D:1)
7 creatures vanquished.

Grand Total: 94 creatures vanquished

Notes
Turn   | Place    | Note
-------+----------+-------------------------------------------
     0 | D:1      | Zock the Gargoyle Fighter began the quest for the Orb.
     0 | D:1      | Reached XP level 1. HP: 14/14 MP: 1/1
   305 | D:1      | Reached XP level 2. HP: 19/19 MP: 2/2
   645 | D:1      | Reached XP level 3. HP: 23/23 MP: 3/3
  1199 | D:2      | Reached skill level 4 in Shields
  1411 | D:2      | Noticed Robin
  1420 | D:2      | Reached XP level 4. HP: 7/29 MP: 4/4
  1936 | D:2      | Killed Robin
  2889 | D:3      | Found a faded altar of an unknown god.
  2908 | D:3      | Reached XP level 5. HP: 33/33 MP: 5/5
  3463 | D:4      | Reached skill level 1 in Polearms
  3468 | D:4      | Noticed an ogre
  3474 | D:4      | Slain by an ogre

Illustrated notes

Levels and vault maps discovered:
D:1:      nagdon_arrival_double_spiral, layout_loops_ring, minivault_11
D:2:      layout_loops_corners, minmay_pentomino_pile, uniq_robin
D:3:      layout_loops_corners, chequers_ecumenical_altar_simple
D:4:      layout_basic, nicolae_overflow_crystal_walls,
          chequers_temple_overflow_statue_of_worship, lemuel_tele_altar,
          uniq_pikel

Skill      XL: |  1  2  3  4  5 |
---------------+----------------+-----
Shields        | 4 |  4.3
Maces & Flails | 3 |  3.7
Polearms       | 1 |  1.0
Fighting       | |  3.8
Armour         | |  3.8
Dodging        | |  0.9

Action                   |  1- 3 |  4- 6 || total
-------------------------+-------+-------++-------
Melee: Flail             |   147 |   164 ||   311
Throw: Javelin           |       |     2 ||     2
  Use: Potion            |       |     2 ||     2
Armor: Scale mail        |    93 |    80 ||   173
Dodge: Dodged            |    61 |    50 ||   111
Block: Kite shield       |    97 |    82 ||   179
